Map: Catalyst LE

Players

Geralt (Gerald)

  • Race: Protoss Protoss
  • League: Grandmaster
  • Spawn Location: 5:00

Zanster - Winner!

  • Race: Zerg Zerg
  • League: Master
  • Spawn Location: 11:00

Event: HomeStory Cup XVII

VOD

Have the link to the VOD?

Description

Time

  • Played on: June 29, 2018, 4:57 p.m.
  • Length: 25:23

All games in this series

Show
View Real Time Build Order
Export as new Build Order

Geralt Protoss 

Build Orders: 1 Gate Expand, Oracle Opening, Phoenix Opening, Archon Immortal, Zealot Archon, Archon Drop 

Get SALT Encoding   

  12  0:00  Probe  
  13  0:12  Probe  
  14  0:20  Pylon  
  14  0:25  Probe  
  15  0:30  Assimilator  
  15  0:35  Probe  
  16  0:47  Gateway, Probe  
  17  0:58  Probe  
  17  1:03  Pylon  
  18  1:10  Probe  
  19  1:22  Probe  
  20  1:31  Nexus  
  20  1:35  Probe  
  21  1:46  Cybernetics Core  
  21  1:48  Probe  
  22  1:57  Assimilator  
  22  2:02  Pylon  
  22  2:04  Probe  
  23  2:13  Adept  
  23  2:20  Probe  
  26  2:27  Stargate  
  26  2:32  Adept, Probe  
  27  2:40  Warp Gate  
  27  2:44  Probe x2  
  31  2:56  Probe x2  
  33  3:01  Oracle  
  33  3:06  Gateway  
  33  3:08  Probe  
  33  3:09  Probe  
  38  3:20  Probe  
  38  3:21  Probe, Pylon  
  40  3:29  Phoenix  
  40  3:32  Probe  
  40  3:33  Probe  
  44  3:44  Probe  
  44  3:46  Robotics Facility  
  44  3:48  Assimilator, Probe  
  46  3:50  Assimilator  
  46  3:56  Probe  
  46  4:00  Probe  
  48  4:04  Twilight Council  
  48  4:08  Probe  
  49  4:12  Probe  
  49  4:16  Pylon  
  50  4:20  Probe  
  50  4:24  Gateway, Probe  
  51  4:26  Warp Prism  
  52  4:33  Charge, Gateway, Probe  
  52  4:36  Probe  
  54  4:45  Probe  
  56  4:54  Gateway x2  
  56  4:56  Observer  
  56  4:57  Templar Archives  
  56  4:59  Pylon  
  56  5:14  Nexus  
  56  5:18  Probe  
  56  5:19  Pylon  
  56  5:30  Zealot x2  
  60  5:36  High Templar x2, Probe  
  60  5:38  Probe  
  66  5:49  Archon  
  66  5:50  Probe  
  66  5:51  Pylon  
  66  5:53  High Templar x2, Zealot x2  
  66  5:54  Probe  
  76  5:58  Archon  
  76  6:02  Probe  
  76  6:03  Immortal  
  77  6:09  Zealot x2  
  81  6:16  Probe  
  86  6:25  Void Ray, Pylon  
  86  6:27  Pylon  
  86  6:31  Zealot x5  
  95  6:33  Probe  
  95  6:36  Immortal, Probe  
  95  6:41  Probe  
  95  6:45  Probe  
  99  6:47  Psionic Storm  
  99  6:50  Probe  
  99  6:54  Probe  
  101  6:55  Assimilator  
  101  6:59  Assimilator  
  101  7:06  High Templar x2  
  105  7:12  Shield Battery  
  105  7:13  Shield Battery  
  105  7:14  Sentry, Zealot x2  
  111  7:19  Zealot  
  109  7:31  Probe  
  109  7:34  Immortal  
  107  7:41  Zealot x6  
  107  7:42  Probe  
  104  7:54  Probe x2  
  104  7:56  Probe  
  103  8:06  Probe x2  
  103  8:08  High Templar x3, Probe  
  103  8:12  Robotics Facility  
  112  8:15  Gateway x2  
  112  8:18  Shield Battery  
  112  8:20  Shield Battery  
  112  8:24  Pylon  
  112  8:25  Zealot  
  114  8:30  Zealot x2  
  106  8:38  Probe  
  103  8:42  Zealot x3  
  103  8:48  Sentry  
  103  9:00  Immortal  
  105  9:04  Probe  
  105  9:06  Pylon  
  105  9:07  Zealot, Pylon  
  108  9:16  Zealot x3  
  107  9:22  Archon x2  
  93  9:27  Zealot x3  
  97  9:31  Immortal, Probe  
  97  9:36  Probe  
  99  9:41  High Templar x4  
  99  9:42  Probe  
  99  9:44  Immortal  
  112  9:48  High Templar x2, Zealot  
  122  10:07  Zealot  
  124  10:09  Zealot  
  122  10:19  Zealot x4  
  126  10:25  Probe  
  126  10:28  Probe  
  119  10:30  Archon  
  119  10:32  Immortal x2  
  119  10:34  Zealot x4  
  129  10:43  Probe  
  130  10:51  High Templar  
  130  10:53  Pylon  
  132  11:03  Pylon x2  
  132  11:07  Probe  
  133  11:13  High Templar x3  
  133  11:14  High Templar  
  133  11:17  High Templar  
  141  11:21  Immortal  
  145  11:27  Pylon  
  145  11:28  Pylon  
  141  11:42  Immortal  
  141  11:46  Zealot x4  
  153  11:54  Zealot  
  153  11:55  Zealot x2  
  153  12:00  Immortal  
  161  12:07  High Templar  
  161  12:08  High Templar x3  
  143  12:19  Archon x2, Zealot x2  
  143  12:20  Zealot  
  143  12:21  Immortal  
  149  12:23  Zealot  
  129  12:40  Zealot x2  
  129  12:41  Zealot x5  
  133  12:55  Archon  
  133  12:56  Immortal  
  137  13:00  Immortal  
  124  13:15  High Templar x6  
  131  13:24  Forge  
  130  13:30  Probe  
  131  13:34  Pylon  
  131  13:38  Observer  
  131  13:39  Nexus, Pylon x2  
  132  13:41  High Templar x2  
  132  13:42  Pylon  
  132  13:44  Observer  
  137  13:56  Zealot x4  
  133  14:13  High Templar x2  
  133  14:14  High Templar  
  129  14:20  Zealot  
  129  14:21  Zealot x4  
  135  14:26  Protoss Ground Weapons Level 1  
  135  14:31  Archon  
  113  14:32  Archon  
  111  14:38  Nexus  
  111  14:39  Probe  
  111  14:40  Pylon  
  111  14:45  Probe  
  109  14:49  High Templar  
  109  14:50  High Templar x2  
  111  14:54  Probe  
  111  14:59  High Templar  
  114  15:00  Zealot x4  
  114  15:04  Immortal  
  126  15:21  Probe  
  126  15:22  Immortal  
  126  15:25  Sentry, Zealot  
  126  15:42  Zealot  
  126  15:43  Zealot x5  
  135  15:59  Zealot x2  
  133  16:05  Sentry  
  133  16:06  Zealot x3  
  133  16:11  Zealot  
  135  16:16  Zealot  
  129  16:18  Probe  
  122  16:27  Zealot x2  
  96  16:45  High Templar  
  96  16:46  High Templar x4  
  105  17:02  High Templar  
  105  17:03  High Templar  
  105  17:04  Immortal  
  113  17:23  Zealot  
  115  17:34  High Templar x3  
  115  17:35  Nexus  
  119  18:19  Archon  
  110  18:28  Pylon  
  110  18:29  High Templar  
  112  18:50  Zealot x3  
  112  18:51  Zealot x3  
  123  19:04  Nexus  
  81  20:17  Zealot x5  
  89  20:47  Zealot  
  89  20:48  Zealot x3  
  97  20:55  Zealot x2  
  89  21:18  Zealot x4  
  97  21:21  Probe  
  98  21:31  Assimilator x2  
  92  21:41  Zealot x2  
  83  22:04  Zealot x4  
  91  22:09  Observer  
  90  22:35  Zealot x2  
  90  22:36  Zealot x3  
  76  22:52  Archon  
  76  22:53  Immortal  
  78  23:07  High Templar  
  80  23:25  Zealot x4  
  80  23:31  Zealot  
  80  23:43  Zealot  
  80  23:45  High Templar  
  77  23:55  Zealot  
  77  23:56  Zealot  
  77  24:08  High Templar  
  71  24:11  Probe  
  40  24:24  Archon  
  40  24:27  Zealot x2  
  37  24:34  Archon  
  23  24:44  Archon  
  17  25:05  High Templar  
Show
View Real Time Build Order
Export as new Build Order

Zanster Zerg - Winner!

Build Orders: Pool First, Lurkers, Roach Hydra 

Get SALT Encoding   

  12  0:00  Drone  
  13  0:13  Overlord  
  13  0:17  Drone  
  14  0:32  Drone x2  
  17  0:50  Drone x2  
  17  0:52  Spawning Pool  
  17  0:53  Extractor  
  17  0:56  Drone  
  17  1:08  Drone  
  18  1:22  Hatchery  
  18  1:24  Drone  
  18  1:32  Drone  
  19  1:39  Queen  
  19  1:44  Zergling x2  
  22  1:53  Metabolic Boost  
  22  1:58  Overlord  
  22  2:18  Drone x2  
  22  2:19  Queen  
  22  2:22  Drone  
  27  2:39  Drone, Hatchery  
  27  2:44  Drone  
  28  2:48  Drone  
  28  2:49  Drone  
  28  2:51  Drone  
  31  2:52  Drone  
  32  2:58  Overlord  
  32  3:02  Drone  
  32  3:03  Drone  
  34  3:07  Drone  
  34  3:09  Overlord  
  35  3:18  Drone  
  36  3:20  Queen  
  36  3:23  Spore Crawler  
  36  3:24  Spore Crawler  
  36  3:25  Drone  
  37  3:29  Drone  
  37  3:31  Drone x2  
  37  3:33  Drone  
  41  3:36  Drone  
  41  3:39  Drone x2  
  44  3:43  Drone  
  44  3:48  Overlord  
  45  3:51  Drone x2  
  45  3:53  Drone  
  45  3:54  Drone x2  
  50  3:58  Overlord  
  50  4:02  Drone x2  
  52  4:03  Drone  
  52  4:09  Drone x2  
  54  4:10  Overlord  
  54  4:13  Overlord  
  54  4:18  Spore Crawler  
  54  4:21  Zergling x2  
  54  4:24  Zergling x4  
  55  4:32  Drone  
  55  4:33  Drone x6  
  55  4:37  Overlord, Queen  
  63  4:42  Lair  
  63  4:46  Drone x2  
  64  4:57  Roach Warren, Extractor  
  64  4:58  Extractor  
  64  4:59  Drone x2  
  63  5:01  Drone  
  63  5:03  Drone  
  63  5:05  Drone  
  63  5:07  Drone x2  
  67  5:08  Drone  
  67  5:10  Drone  
  67  5:11  Drone  
  67  5:12  Drone  
  72  5:18  Overlord  
  72  5:22  Drone x2  
  72  5:24  Overlord  
  74  5:29  Extractor  
  73  5:37  Roach x8  
  73  5:42  Glial Reconstitution  
  88  5:43  Roach  
  88  5:46  Roach, Extractor  
  88  5:47  Roach x3  
  97  5:51  Overlord x2  
  97  5:55  Overlord  
  97  5:57  Overlord x2  
  97  5:59  Overlord  
  97  6:07  Roach  
  98  6:12  Hydralisk Den  
  98  6:17  Roach x6  
  109  6:28  Roach x6  
  109  6:32  Roach x2  
  124  6:34  Overlord  
  124  6:39  Roach  
  127  6:40  Roach x2  
  127  6:44  Overlord  
  127  6:47  Roach x3  
  127  6:49  Overlord  
  133  7:01  Roach  
  133  7:02  Roach x3  
  133  7:05  Roach x2  
  133  7:06  Hatchery  
  133  7:08  Overlord  
  144  7:12  Roach  
  144  7:13  Roach x2  
  144  7:14  Overlord  
  126  7:33  Drone  
  126  7:34  Drone x9  
  134  7:41  Overlord  
  128  7:49  Extractor  
  121  7:56  Grooved Spines, Hydralisk  
  121  7:57  Hydralisk x7  
  133  8:04  Hydralisk  
  129  8:09  Hydralisk x2  
  133  8:15  Hydralisk x2  
  137  8:22  Roach  
  137  8:23  Roach x6, Evolution Chamber  
  137  8:26  Roach x2  
  140  8:42  Roach  
  140  8:43  Roach x7  
  144  8:57  Roach  
  144  8:58  Roach x10  
  144  9:02  Zerg Missile Weapons Level 1  
  158  9:03  Drone  
  158  9:04  Drone  
  158  9:08  Muscular Augments  
  156  9:21  Roach x8  
  150  9:26  Extractor  
  150  9:30  Hydralisk, Extractor  
  150  9:31  Hydralisk x3  
  134  9:33  Drone  
  134  9:34  Drone  
  138  9:40  Hydralisk x3  
  138  9:43  Drone x2  
  138  9:44  Drone  
  147  9:46  Drone x2  
  147  9:47  Drone  
  147  9:48  Drone  
  147  9:51  Drone x3  
  147  9:52  Drone  
  155  9:57  Hydralisk x2  
  155  9:59  Extractor  
  158  10:00  Extractor  
  158  10:04  Lurker Den  
  156  10:18  Hydralisk  
  156  10:19  Hydralisk x6  
  156  10:32  Hydralisk x4  
  138  10:39  Hydralisk  
  138  10:40  Hydralisk x2  
  144  10:47  Roach  
  144  10:48  Roach x4  
  154  10:51  Drone x4  
  158  10:57  Roach x7  
  172  11:04  Zerg Missile Weapons Level 2, Hatchery  
  172  11:10  Roach  
  172  11:11  Roach x4  
  181  11:13  Roach x3  
  187  11:23  Overseer  
  187  11:24  Zergling x2  
  190  11:25  Roach  
  190  11:26  Roach x5  
  194  11:40  Roach x2  
  194  11:41  Roach  
  194  11:56  Queen  
  193  12:04  Queen  
  193  12:08  Lurker x7  
  197  12:18  Hydralisk  
  195  12:35  Hydralisk x8  
  197  12:43  Hydralisk x11  
  185  12:57  Hydralisk x6, Roach  
  193  13:03  Roach x4  
  171  13:19  Roach x9  
  187  13:26  Overlord, Queen  
  189  13:27  Roach  
  189  13:28  Roach x3  
  189  13:33  Overlord  
  197  13:36  Overseer  
  197  13:37  Overseer  
  197  13:39  Overlord  
  197  13:46  Infestation Pit  
  196  13:54  Zerg Ground Armor Level 1  
  172  14:12  Hydralisk x10  
  172  14:13  Hydralisk x6  
  176  14:26  Hydralisk x6, Roach  
  176  14:27  Roach  
  146  14:35  Roach  
  146  14:36  Roach x6  
  143  14:47  Roach x7  
  155  14:53  Roach x2  
  159  15:02  Roach x5  
  159  15:04  Overseer  
  169  15:10  Roach  
  169  15:11  Roach x3  
  177  15:22  Hive  
  177  15:24  Roach x4  
  185  15:31  Hydralisk x3  
  185  15:34  Drone x2  
  185  15:35  Drone  
  177  16:00  Hydralisk x4  
  177  16:01  Hydralisk x7, Roach  
  179  16:21  Hydralisk  
  179  16:22  Hydralisk x8, Roach  
  183  16:33  Roach  
  183  16:34  Roach x7  
  175  16:40  Roach x4  
  173  16:49  Extractor  
  173  16:50  Extractor  
  173  16:52  Adaptive Talons  
  168  16:55  Zerg Missile Weapons Level 3  
  168  16:59  Hydralisk x2  
  170  17:02  Hatchery  
  170  17:06  Hydralisk x4  
  177  17:08  Drone  
  177  17:09  Drone  
  179  17:21  Hydralisk x3  
  179  17:22  Hydralisk x3  
  179  17:33  Drone x3  
  179  17:35  Extractor  
  179  17:36  Roach x6  
  193  17:42  Hydralisk x2  
  195  17:50  Lurker x3  
  195  18:05  Overlord x2  
  191  18:10  Lurker x2  
  191  18:14  Drone  
  178  18:22  Hatchery  
  167  18:29  Hydralisk  
  167  18:30  Hydralisk x5  
  177  18:40  Extractor  
  174  18:41  Extractor  
  174  18:44  Hydralisk x3  
  170  18:56  Lurker x2  
  170  18:58  Lurker x2  
  170  18:59  Lurker x2  
  163  19:06  Overseer  
  163  19:08  Roach x5  
  173  19:18  Spore Crawler  
  173  19:19  Spore Crawler, Roach x3  
  173  19:20  Roach x2  
  181  19:28  Hydralisk  
  181  19:29  Hydralisk x2  
  184  19:50  Drone  
  184  19:51  Drone x4  
  173  19:57  Viper x2  
  158  20:09  Hydralisk x3  
  151  20:16  Drone x3  
  151  20:17  Drone x3  
  151  20:19  Roach  
  151  20:20  Roach x4  
  166  20:28  Roach x3  
  166  20:32  Roach  
  166  20:33  Roach  
  174  20:41  Hatchery  
  169  20:43  Roach x6  
  177  20:54  Hydralisk x3  
  172  21:25  Overseer  
  168  21:52  Hydralisk x4  
  176  22:10  Hatchery  
  158  22:36  Hatchery  
  152  22:50  Hydralisk x4  
  149  22:55  Drone x2  
  151  22:58  Hatchery  
  151  23:00  Extractor  
  151  23:01  Extractor  
  135  23:14  Drone x3  
  135  23:15  Drone x2  
  140  23:24  Drone x2  
  137  23:32  Drone  
  137  23:33  Drone x2  
  139  23:36  Roach  
  139  23:37  Drone  
  139  23:38  Drone x4  
  140  23:50  Roach  
  140  23:51  Roach x2  
  141  24:08  Hatchery  
  134  24:15  Roach  
  134  24:16  Roach x3  
  138  24:23  Roach  
  126  24:24  Roach  
  102  24:41  Roach  
  102  24:42  Roach x7  
  108  24:47  Roach x2  
  108  24:48  Roach  
  114  24:53  Roach  
  114  24:54  Roach x2  
Tags
 
Add a new tag
Caveats
  • Supply blocks, unpowered buildings, or Contaminate may cause inaccurate times.
  • Supply counts are checked every 10 seconds.